[Event "Chessable Masters - Torneo preliminare"]
[White "Petrov, Nikita"]
[Black "Drozdowski, Kacper"]
[WhiteFideId "4101286"]
[BlackFideId "1136720"]
[WhiteElo "2514"]
[BlackElo "2472"]
[Result "1/2-1/2"]
[Round "9"]
[TimeControl "600+2"]
[Date "2023.03.13"]
[WhiteClock "0:00:19"]
[BlackClock "0:01:08"]

1. d4 d5 2. Nf3 Nf6 3. Bf4 Bf5 4. c4 e6 5. Nc3 c6 6. e3 Nbd7 7. Qb3 b6 8. cxd5 exd5 9. Ba6 Be7 10. Bb7 O-O 11. Bxc6 Rc8 12. Bb5 Nb8 13. Bxb8 Rxb8 14. Ne5 Qd6 15. O-O h5 16. Rac1 Be6 17. Be2 Rb7 18. Ba6 Rc7 19. Nb5 Rxc1 20. Nxd6 Rxf1+ 21. Kxf1 Bxd6 22. Qc2 Ne4 23. Nf3 Bd7 24. a4 g6 25. b3 Kg7 26. h3 Rd8 27. Bb7 Be6 28. Ba6 Bd7 29. Ne5 Bf5 30. Nd3 Rd7 31. Qc6 Be6 32. Qc2 Rc7 33. Qb2 Bf5 34. Nc5 Nf6 35. b4 Be7 36. Nd3 Ne4 37. Ne1 Bh4 38. g3 Bxh3+ 39. Kg1 Be7 40. Bd3 Nf6 41. Ng2 1/2-1/2


[Site "Internet"]

[Event "Chessable Masters - Torneo preliminare"]
[White "Van Foreest, Lucas"]
[Black "Tari, Aryan"]
[WhiteFideId "1039792"]
[BlackFideId "1510045"]
[WhiteElo "2483"]
[BlackElo "2539"]
[Result "0-1"]
[Round "9"]
[TimeControl "600+2"]
[Date "2023.03.13"]
[WhiteClock "0:00:03"]
[BlackClock "0:00:07"]

1. d4 d5 2. c4 e6 3. Nc3 c5 4. cxd5 cxd4 5. Qxd4 Nc6 6. Qd1 exd5 7. Qxd5 Bd6 8. e3 Nf6 9. Qd1 O-O 10. Nf3 Qe7 11. Be2 Rd8 12. Bd2 Ne5 13. Nd4 Nc6 14. Nf3 a6 15. O-O b5 16. a3 Bf5 17. Rc1 Rac8 18. Nd4 Nxd4 19. exd4 h5 20. Re1 Bb8 21. Be3 Ng4 22. Bxg4 Bxg4 23. f3 Bf5 24. Bf4 Qf6 25. Bxb8 Rxb8 26. Re5 Be6 27. Ne4 Qf4 28. g3 Qe3+ 29. Nf2 Qxd4 30. Qxd4 Rxd4 31. Kf1 b4 32. axb4 Rdxb4 33. Nd1 g6 34. Ra5 Rd8 35. Ke1 Rd3 36. Rc3 Rxc3 37. bxc3 Rb6 38. Ne3 Rb1+ 39. Kd2 Rb2+ 40. Kd3 Rxh2 41. Rxa6 Rh3 42. Ke4 Rxg3 43. Ra1 Rh3 44. c4 Kg7 45. c5 Kf6 46. c6 Ke7 47. Nd5+ Kd6 48. Nf4 Bf5+ 49. Ke3 Rh2 50. Rc1 Rc2 51. Rxc2 Bxc2 52. Ne2 Ba4 53. Kf4 Bxc6 54. Nd4 Bd5 55. Ne2 f6 56. Nd4 Ke7 57. Kg3 g5 58. Nf5+ Kf7 59. f4 h4+ 60. Kg4 h3 61. Kxh3 Be6 62. fxg5 fxg5 0-1


[Site "Internet"]

[Event "Chessable Masters - Torneo preliminare"]
[White "Mareco, Sandro"]
[Black "Lobanov, Sergei"]
[WhiteFideId "112275"]
[BlackFideId "24183750"]
[WhiteElo "2541"]
[BlackElo "2436"]
[Result "0-1"]
[Round "9"]
[TimeControl "600+2"]
[Date "2023.03.13"]
[WhiteClock "0:00:29"]
[BlackClock "0:01:07"]

1. d4 Nf6 2. c4 e6 3. Nf3 d5 4. g3 Be7 5. Bg2 O-O 6. O-O dxc4 7. Qc2 a6 8. a4 Nc6 9. Qxc4 Qd5 10. Nbd2 Rd8 11. e3 Qh5 12. h3 g5 13. Ne5 Nxe5 14. dxe5 Nd5 15. Ne4 b5 16. Qb3 Bd7 17. axb5 Bxb5 18. Re1 Rab8 19. Bd2 Qg6 20. Qc2 h5 21. Rec1 h4 22. g4 Qg7 23. f4 c5 24. Nxc5 Bxc5 25. Qxc5 Nxf4 26. exf4 Rxd2 27. Qe3 Rbd8 28. fxg5 Re2 29. Qf4 Qxe5 30. Qxe5 Rxe5 31. g6 fxg6 32. Rc7 Rd2 33. Rac1 Rd7 34. Rc8+ Kg7 35. Rb8 Re3 36. Rbc8 Rd2 37. R1c7+ Kf6 38. Rf8+ Kg5 39. Rc5+ e5 40. Bf1 Re1 0-1


[Site "Internet"]

[Event "Chessable Masters - Torneo preliminare"]
[White "Guseinov, Gadir"]
[Black "Christiansen, Johan-Sebastian"]
[WhiteFideId "13401378"]
[BlackFideId "1512668"]
[WhiteElo "2632"]
[BlackElo "2481"]
[Result "1/2-1/2"]
[Round "9"]
[TimeControl "600+2"]
[Date "2023.03.13"]
[WhiteClock "0:00:21"]
[BlackClock "0:02:14"]

1. e4 e5 2. Nf3 Nc6 3. Bb5 f5 4. d3 Nf6 5. O-O fxe4 6. dxe4 Bc5 7. Qd3 d6 8. Qc4 Bd7 9. Nc3 Qe7 10. Nd5 Nxd5 11. exd5 Nd4 12. Bxd7+ Qxd7 13. Nxd4 Bxd4 14. Be3 Bxe3 15. fxe3 O-O-O 16. a4 Rdf8 17. Qe4 g6 18. h3 Kb8 19. b3 a6 20. Kh2 Qe7 21. g3 Rf6 22. Qh4 Rhf8 23. Rxf6 Qxf6 24. Qxf6 Rxf6 25. Kg2 e4 26. Rf1 Rxf1 27. Kxf1 Ka7 28. a5 c6 29. c4 c5 30. Ke2 b6 31. Kd2 bxa5 32. Kc3 Kb6 33. Kb2 g5 34. Ka3 Kc7 35. Ka2 Kb6 36. Ka3 Kc7 37. Ka4 Kb6 38. g4 h6 39. Ka3 Kc7 40. Kb2 Kb6 41. Ka2 Ka7 42. Ka3 Kb7 43. Kb2 Kc7 44. Kc2 Kc8 45. Kc1 Kd8 46. Kd1 Kd7 47. Kd2 Kc7 48. Kc2 Kb6 49. Kc3 Kb7 50. Kc2 Kb6 51. Kb2 a4 52. bxa4 Ka5 53. Kb3 Kb6 54. Ka3 Ka5 55. Kb3 Kb6 56. a5+ Kxa5 57. Ka3 Kb6 58. Ka4 Kb7 59. Ka5 Ka7 60. Ka4 Kb6 61. Kb3 Ka5 62. Ka3 Kb6 63. Kb3 a5 64. Ka3 Ka6 65. Kb3 Kb6 66. Ka4 Ka6 67. Ka3 a4 68. Kxa4 Kb6 69. Ka3 Ka5 70. Kb3 Kb6 71. Kb2 Ka6 72. Ka2 Kb7 73. Kb1 Kb8 74. Kc1 Kc8 75. Kd1 Kd8 76. Kd2 Kc7 77. Kd1 Kb6 78. Kc2 Ka7 79. Kb2 Kb7 80. Ka2 Kc8 81. Ka3 Kb7 82. Kb2 Kb6 83. Kc3 Ka5 84. Kb3 Ka6 85. Ka4 Kb6 86. Ka3 Ka5 87. Kb3 1/2-1/2


[Site "Internet"]

[Event "Chessable Masters - Torneo preliminare"]
[White "Cardoso Cardoso, Jose Gabriel"]
[Black "Ibarra Jerez, Jose Carlos"]
[WhiteFideId "4430492"]
[BlackFideId "2226332"]
[WhiteElo "2425"]
[BlackElo "2546"]
[Result "0-1"]
[Round "9"]
[TimeControl "600+2"]
[Date "2023.03.13"]
[WhiteClock "0:01:50"]
[BlackClock "0:01:47"]

1. d4 Nf6 2. c4 d6 3. Nf3 g6 4. Nc3 Bf5 5. Nh4 Bd7 6. Nf3 Bf5 7. g3 Ne4 8. Nd5 c6 9. Ne3 Qa5+ 10. Nd2 Bg7 11. f3 Nxd2 12. Bxd2 Qb6 13. Nxf5 gxf5 14. Bc3 c5 15. d5 Bxc3+ 16. bxc3 Qb2 17. Rc1 Nd7 18. Rc2 Qa3 19. Qd3 Ne5 20. Qxf5 Nxc4 21. Qe4 b5 22. Bh3 Qa4 23. O-O Ne3 24. Qxe3 Qxc2 25. Rc1 Qxa2 26. Qd3 Qc4 27. Qf5 Rd8 28. Ra1 Qxe2 29. Rxa7 Qe3+ 30. Kg2 O-O 31. Qg4+ Kh8 32. Qh4 Qe2+ 33. Kg1 Qxf3 34. Rxe7 Ra8 35. Re1 Qxc3 36. Re4 Ra1+ 37. Kf2 Ra2+ 38. Kf1 Qf3+ 39. Ke1 Qf2+ 0-1


[Site "Internet"]

[Event "Chessable Masters - Torneo preliminare"]
[White "Salgado Lopez, Ivan"]
[Black "Weetik, Vjacheslav"]
[WhiteFideId "2257327"]
[BlackFideId "4153472"]
[WhiteElo "2554"]
[BlackElo "2445"]
[Result "1-0"]
[Round "9"]
[TimeControl "600+2"]
[Date "2023.03.13"]
[WhiteClock "0:04:16"]
[BlackClock "0:02:28"]

1. e4 c6 2. d4 d5 3. exd5 cxd5 4. Bd3 Nc6 5. c3 g6 6. Nf3 Bf5 7. O-O Qc7 8. Re1 e6 9. Bxf5 gxf5 10. Nh4 O-O-O 11. Bg5 Be7 12. Bxe7 Ngxe7 13. Nd2 Ng6 14. Ndf3 Rhg8 15. Nxg6 Rxg6 16. Ne5 Nxe5 17. Rxe5 Rdg8 18. g3 Rg4 19. Qf3 h5 20. h3 R4g5 21. Kh1 Qb6 22. b3 a6 23. Qf4 Qc6 24. Rc1 b5 25. Kh2 Kb7 26. a4 bxa4 27. bxa4 h4 28. Qxh4 Qxa4 29. Qf4 Qa2 30. Ree1 Rxg3 31. Rb1+ Kc6 32. c4 dxc4 33. d5+ exd5 34. Qd4 Rb3 35. Ra1 Rd3 36. Qf6+ 1-0


[Site "Internet"]

[Event "Chessable Masters - Torneo preliminare"]
[White "Xu, Yinglun"]
[Black "Santos Ruiz, Miguel"]
[WhiteFideId "8604940"]
[BlackFideId "22291482"]
[WhiteElo "2523"]
[BlackElo "2491"]
[Result "1-0"]
[Round "9"]
[TimeControl "600+2"]
[Date "2023.03.13"]
[WhiteClock "0:05:02"]
[BlackClock "0:08:01"]

1. c4 e5 2. g3 d5 3. cxd5 Qxd5 4. Nf3 Nc6 5. Nc3 Qe6 6. Bg2 Nf6 7. O-O Bc5 8. d3 O-O 9. Ng5 Qe8 10. Bd2 Bb6 11. Rc1 h6 12. Nge4 Nxe4 13. Nxe4 Qe7 14. a3 a5 15. Nc3 Be6 16. Nd5 Qd7 17. Nxb6 cxb6 18. Be3 b5 19. Qd2 b4 20. axb4 axb4 21. Rc5 Ra2 22. Bxc6 bxc6 23. Qxb4 Bd5 24. f3 Qd6 25. Rb5 Qf6 26. Rb6 Rfa8 27. Bf2 Ra1 28. Rb8+ Kh7 29. Rxa8 Rxa8 30. Qc3 Ra2 31. Rc1 g5 32. e4 Be6 33. d4 g4 34. d5 cxd5 35. exd5 Bd7 36. f4 Qa6 37. Qxe5 Qd3 38. Bd4 1-0


[Site "Internet"]

[Event "Chessable Masters - Torneo preliminare"]
[White "Makhnev, Denis"]
[Black "Iniyan, P"]
[WhiteFideId "13707647"]
[BlackFideId "25002767"]
[WhiteElo "2505"]
[BlackElo "2441"]
[Result "0-1"]
[Round "9"]
[TimeControl "600+2"]
[Date "2023.03.13"]
[WhiteClock "0:00:07"]
[BlackClock "0:00:23"]

1. d4 Nf6 2. c4 e6 3. Nf3 d5 4. Nc3 Bb4 5. Qa4+ Nc6 6. e3 O-O 7. Qc2 Re8 8. Bd2 Bd6 9. c5 Bf8 10. Bb5 Bd7 11. O-O Nb4 12. Qa4 Bxb5 13. Qxb5 a5 14. a3 c6 15. Qe2 Na6 16. Na4 Nd7 17. Nb6 Nxb6 18. Bxa5 Nxc5 19. Bxb6 Qxb6 20. dxc5 Bxc5 21. Ne5 Bd6 22. Nd3 c5 23. Rfd1 c4 24. Ne1 Be5 25. Rab1 f5 26. Qc2 Ra5 27. b3 Qc6 28. bxc4 dxc4 29. Nf3 Bf6 30. Nd4 Qa6 31. a4 Rc8 32. Nb5 Rxa4 33. Nd6 Ra2 34. Qc1 Rc7 35. Ne8 Re7 36. Rd8 Kf7 37. Qd1 Kg6 38. Nxf6 gxf6 39. h4 Qa5 40. Rg8+ Kf7 41. Rg3 f4 42. exf4 Qf5 43. Kh2 Ra8 44. Rb6 Rg8 45. Rxg8 Kxg8 46. Qd8+ Kf7 47. g3 Qc5 48. Kg1 Qc7 49. Qd4 Rd7 50. Qe3 Rd6 51. Rb1 Qc6 52. f5 c3 53. Qh6 c2 54. Qxh7+ Kf8 55. Qh6+ Ke7 56. Qg7+ Kd8 57. Rf1 Rd1 58. Qxf6+ Kc8 59. Qf8+ Kc7 60. Qe7+ Kb8 61. Qf8+ Qc8 62. Qb4 Rxf1+ 63. Kxf1 c1=Q+ 64. Kg2 Q1c6+ 65. Kh2 exf5 0-1


[Site "Internet"]

[Event "Chessable Masters - Torneo preliminare"]
[White "Flores, Diego"]
[Black "Narayanan, Srinath"]
[WhiteFideId "108049"]
[BlackFideId "5018420"]
[WhiteElo "2598"]
[BlackElo "2482"]
[Result "1-0"]
[Round "9"]
[TimeControl "600+2"]
[Date "2023.03.13"]
[WhiteClock "0:03:25"]
[BlackClock "0:01:26"]

1. c4 e5 2. Nc3 Nc6 3. Nf3 f5 4. d4 e4 5. Ng5 Nf6 6. Nh3 d5 7. Bg5 dxc4 8. e3 h6 9. Bxf6 Qxf6 10. Nf4 Qf7 11. Be2 Ne7 12. Nb5 Kd8 13. d5 Bd7 14. Ne6+ Kc8 15. Nbxc7 Rb8 16. Bxc4 Ng6 17. Rc1 Bb4+ 18. Kf1 b5 19. Be2 Kb7 20. Qb3 Qe7 21. a3 Bd2 22. Bxb5 a5 23. Bxd7+ Ka7 24. Nb5+ Ka8 25. Bc6+ 1-0


[Site "Internet"]

[Event "Chessable Masters - Torneo preliminare"]
[White "Vetoshko, Volodymyr"]
[Black "Hammer, Jon Ludvig"]
[WhiteFideId "14122480"]
[BlackFideId "1503707"]
[WhiteElo "2457"]
[BlackElo "2647"]
[Result "1-0"]
[Round "9"]
[TimeControl "600+2"]
[Date "2023.03.13"]
[WhiteClock "0:01:02"]
[BlackClock "0:02:52"]

1. e4 e5 2. Nf3 Nc6 3. Nc3 Nf6 4. d4 exd4 5. Nxd4 Nxe4 6. Nxe4 Qe7 7. Bd3 Nxd4 8. O-O Ne6 9. Bc4 c6 10. Bxe6 dxe6 11. Qh5 g6 12. Qe5 f6 13. Nxf6+ Kf7 14. Nh5 Qc5 15. Qxh8 Qxh5 16. Bf4 Bg7 17. Qd8 Qd5 18. Qh4 Qc4 19. Qg3 Bxb2 20. Rad1 Bf6 21. Be5 Qxc2 22. Bxf6 Kxf6 23. Rd8 e5 24. Qh4+ g5 25. Qh6+ Qg6 26. Qf8+ Qf7 27. Rd6+ Be6 28. Qxa8 1-0


[Site "Internet"]

[Event "Chessable Masters - Torneo preliminare"]
[White "Tan, Zhongyi"]
[Black "Sasikiran, Krishnan"]
[WhiteFideId "8603642"]
[BlackFideId "5004985"]
[WhiteElo "2517"]
[BlackElo "2559"]
[Result "0-1"]
[Round "9"]
[TimeControl "600+2"]
[Date "2023.03.13"]
[WhiteClock "0:04:22"]
[BlackClock "0:03:09"]

1. d4 Nf6 2. c4 e6 3. Nc3 Bb4 4. e3 O-O 5. Bd3 d5 6. Ne2 dxc4 7. Bxc4 c5 8. O-O cxd4 9. exd4 Nc6 10. a3 Bd6 11. h3 h6 12. Qd3 b6 13. Rd1 Bb7 14. Be3 Ne7 15. Rac1 Rc8 16. Ba2 a6 17. Bb1 Re8 18. Nf4 Nf5 19. Bd2 Bxf4 20. Bxf4 Nd5 21. Be5 Qg5 22. Ne4 Qxc1 23. Rxc1 Rxc1+ 24. Kh2 f6 25. Nd6 fxe5 26. Nxe8 Nf4 27. Qd2 Rxb1 28. dxe5 Bxg2 29. Qxf4 Bc6 30. Nf6+ gxf6 31. f3 Rf1 32. Qg4+ Kf7 33. Qh5+ Ke7 34. exf6+ Kxf6 0-1


[Site "Internet"]

[Event "Chessable Masters - Torneo preliminare"]
[White "Steinberg, Nitzan"]
[Black "Drygalov, Sergey"]
[WhiteFideId "2801795"]
[BlackFideId "24171743"]
[WhiteElo "2500"]
[BlackElo "2461"]
[Result "1/2-1/2"]
[Round "9"]
[TimeControl "600+2"]
[Date "2023.03.13"]
[WhiteClock "0:00:35"]
[BlackClock "0:00:15"]

1. e4 c5 2. Nf3 d6 3. d4 cxd4 4. Nxd4 Nf6 5. Nc3 a6 6. g3 e5 7. Nb3 Be6 8. Bg2 Be7 9. O-O O-O 10. a4 Nbd7 11. Qe2 Qc7 12. Rd1 Rac8 13. a5 Nc5 14. Nd2 Rfd8 15. Nf1 b5 16. axb6 Qxb6 17. Ne3 Qb4 18. Ned5 Nxd5 19. Nxd5 Bxd5 20. Rxd5 a5 21. h4 a4 22. Kh2 Rb8 23. Ra3 Rdc8 24. Rc3 Qb7 25. h5 Ne6 26. Rb5 Qa8 27. Rxc8+ Rxc8 28. c3 Qa6 29. Bf1 Qc6 30. Rb4 Nc5 31. Qb5 Qxb5 32. Bxb5 Rb8 33. Be3 d5 34. Bc6 Rxb4 35. cxb4 Nd3 36. b5 d4 37. Bd2 Bc5 38. Ba5 Nxb2 39. b6 Bxb6 40. Bxb6 a3 41. Bd5 Na4 42. Bc7 Nc3 43. Bb3 a2 44. Bxa2 Nxa2 45. Bxe5 d3 46. Bf4 Nc3 47. Kg2 Nxe4 48. Kf3 d2 49. Ke2 Nxf2 50. Kxd2 Ng4 51. Ke2 h6 52. Kf3 f5 53. Bc1 Kf7 54. Bb2 Nf6 55. Kf4 Nxh5+ 56. Kxf5 Nxg3+ 57. Kg4 Nf1 58. Bc1 Kg6 59. Kh3 Kf5 60. Kg2 Kg4 61. Kxf1 h5 62. Kg1 g5 63. Bxg5 Kxg5 64. Kh2 Kg4 65. Kh1 h4 66. Kh2 Kh5 67. Kh3 Kg5 68. Kh2 Kg4 69. Kg2 h3+ 70. Kh2 Kh4 71. Kh1 Kg3 72. Kg1 Kf3 73. Kh2 Kg4 74. Kh1 Kh4 75. Kh2 Kg4 76. Kh1 Kg3 77. Kg1 h2+ 78. Kh1 Kh3 1/2-1/2


[Site "Internet"]

[Event "Chessable Masters - Torneo preliminare"]
[White "Fressinet, Laurent"]
[Black "Tregubov, Pavel V."]
[WhiteFideId "608742"]
[BlackFideId "4115341"]
[WhiteElo "2689"]
[BlackElo "2522"]
[Result "1-0"]
[Round "9"]
[TimeControl "600+2"]
[Date "2023.03.13"]
[WhiteClock "0:00:22"]
[BlackClock "0:00:08"]

1. d4 Nf6 2. Nf3 e6 3. Bg5 c5 4. e3 d5 5. Nbd2 Be7 6. c3 b6 7. Bb5+ Bd7 8. Bd3 Nc6 9. Ne5 Nxe5 10. dxe5 Ng8 11. Bf4 g5 12. Bg3 h5 13. h3 h4 14. Bh2 Qc7 15. e4 Bc6 16. exd5 Bxd5 17. Qa4+ Bc6 18. Bb5 Bxb5 19. Qxb5+ Qd7 20. a4 Nh6 21. Nc4 Nf5 22. Rd1 Qxb5 23. axb5 O-O 24. Ke2 Rfd8 25. Ra1 Rdb8 26. Ra6 Rb7 27. Rha1 Bd8 28. Rd1 Kf8 29. Kf3 Ke8 30. Ke4 Rc8 31. g4 hxg3 32. fxg3 Bc7 33. g4 Ne7 34. Bg1 Nd5 35. Be3 Nxe3 36. Kxe3 Bb8 37. Ke4 Rd7 38. Rxd7 Kxd7 39. Ra1 Rh8 40. Rd1+ Ke7 41. Rd3 Rh6 42. Rf3 Rh8 43. Re3 Bc7 44. Rd3 Rh6 45. Nd2 f5+ 46. exf6+ Rxf6 47. Nf3 Bf4 48. Rd1 Rf8 49. Ra1 Bb8 50. Nxg5 Rf2 51. b4 cxb4 52. cxb4 Rb2 53. Ra4 Re2+ 54. Kd3 Rh2 55. Ke3 Kf6 56. Ne4+ Ke5 57. Nf2 Kd5 58. Kf3 Kc4 59. g5 Kxb5 60. Ra2 Be5 61. g6 Kxb4 62. Nd3+ 1-0


[Site "Internet"]

[Event "Chessable Masters - Torneo preliminare"]
[White "Pap, Gyula"]
[Black "Kevlishvili, Robby"]
[WhiteFideId "725323"]
[BlackFideId "1040634"]
[WhiteElo "2563"]
[BlackElo "2577"]
[Result "0-1"]
[Round "9"]
[TimeControl "600+2"]
[Date "2023.03.13"]
[WhiteClock "0:00:03"]
[BlackClock "0:07:22"]

1. d4 d5 2. c3 Nf6 3. Nf3 c6 4. Bg5 Bf5 5. Bxf6 gxf6 6. Nbd2 Nd7 7. Nh4 Bg6 8. e3 e6 9. Be2 Bd6 10. O-O Qe7 11. f4 f5 12. g3 Nf6 13. a4 Rg8 14. Kh1 Ne4 15. Nxe4 fxe4 16. c4 f5 17. c5 Bc7 18. b4 Kf8 19. Qd2 Be8 20. b5 Bd8 21. a5 cxb5 22. a6 Bc6 23. Rfb1 Qd7 24. Ng2 h5 25. Qb4 h4 26. Kg1 hxg3 27. h4 Rb8 28. Bxb5 Rg7 29. Bxc6 Qxc6 30. Qa3 Kg8 31. Kf1 b5 32. cxb6 Bxb6 33. Rc1 Qe8 0-1


[Site "Internet"]

[Event "Chessable Masters - Torneo preliminare"]
[White "Predke, Alexandr"]
[Black "Mikaelyan, Arman"]
[WhiteFideId "24107581"]
[BlackFideId "13304852"]
[WhiteElo "2582"]
[BlackElo "2456"]
[Result "0-1"]
[Round "9"]
[TimeControl "600+2"]
[Date "2023.03.13"]
[WhiteClock "0:05:30"]
[BlackClock "0:06:34"]

1. Nf3 d5 2. d3 Nf6 3. Bg5 c5 4. Nbd2 Nc6 5. g3 e6 6. Bg2 Be7 7. e4 O-O 8. O-O h6 9. Bf4 g5 10. Be5 Nd7 11. d4 f6 12. exd5 exd5 13. Nh4 fxe5 14. Bxd5+ Kg7 15. Qh5 gxh4 16. Be4 Qe8 17. Qg4+ Kh8 18. d5 Nd4 19. c3 Nf6 20. Qxh4 Ng4 21. Qh3 Ne2+ 0-1


[Site "Internet"]

[Event "Chessable Masters - Torneo preliminare"]
[White "Mekhitarian, Krikor Sevag"]
[Black "Ju, Wenjun"]
[WhiteFideId "2107660"]
[BlackFideId "8603006"]
[WhiteElo "2594"]
[BlackElo "2598"]
[Result "1-0"]
[Round "9"]
[TimeControl "600+2"]
[Date "2023.03.13"]
[WhiteClock "0:00:09"]
[BlackClock "0:00:17"]

1. Nf3 Nf6 2. c4 e6 3. Nc3 d5 4. e3 Be7 5. b3 c5 6. cxd5 Nxd5 7. Nxd5 exd5 8. Bb2 O-O 9. Be2 d4 10. exd4 Bf6 11. Ba3 Nc6 12. Bxc5 Re8 13. O-O b6 14. Bb5 Bd7 15. Bxc6 Bxc6 16. Bb4 Qd5 17. Re1 g5 18. Rxe8+ Rxe8 19. Qf1 Bb5 20. Qd1 Bc6 21. h3 h5 22. Qf1 g4 23. hxg4 hxg4 24. Ne5 g3 25. Bc3 Bb5 26. Qe1 Bc6 27. f3 Bh4 28. Qe3 Re6 29. Qf4 Bf6 30. Qxg3+ Bg7 31. Re1 Be8 32. Qf4 Rf6 33. Qg3 Re6 34. Re3 Qd8 35. Ng4 Qd5 36. Rxe6 Qxe6 37. d5 Qg6 38. Bxg7 Kxg7 39. Qe5+ Kf8 40. Nf6 Bb5 41. d6 Qd3 42. Kh2 Qxd2 43. Nh7+ Kg8 44. Nf6+ Kf8 45. Ng4 Qd3 46. Qh8# 1-0


[Site "Internet"]

[Event "Chessable Masters - Torneo preliminare"]
[White "Vasquez Schroeder, Rodrigo"]
[Black "Sharapov, Evgeny"]
[WhiteFideId "3400042"]
[BlackFideId "14103133"]
[WhiteElo "2589"]
[BlackElo "2337"]
[Result "1-0"]
[Round "9"]
[TimeControl "600+2"]
[Date "2023.03.13"]
[WhiteClock "0:09:26"]
[BlackClock "0:08:29"]

1. d4 d5 2. Nf3 c6 3. c4 Nf6 4. Nc3 g6 5. Qb3 Qb6 6. Bf4 Qxb3 7. axb3 a6 8. e3 Bg7 9. h3 O-O 10. g4 e6 11. Bd3 Nbd7 12. c5 Re8 13. b4 Nf8 14. b5 cxb5 15. Nxb5 Bd7 16. Nc7 Bc6 17. b4 N6d7 18. b5 1-0


[Site "Internet"]

[Event "Chessable Masters - Torneo preliminare"]
[White "Agrest, Evgenij"]
[Black "Preotu, Razvan"]
[WhiteFideId "1705024"]
[BlackFideId "2613280"]
[WhiteElo "2576"]
[BlackElo "2532"]
[Result "1-0"]
[Round "9"]
[TimeControl "600+2"]
[Date "2023.03.13"]
[WhiteClock "0:02:29"]
[BlackClock "0:00:02"]

1. Nf3 c5 2. b3 Nf6 3. Bb2 Nc6 4. e3 g6 5. d4 cxd4 6. exd4 d5 7. Nbd2 Bg7 8. Bb5 Bd7 9. O-O O-O 10. a4 Rc8 11. Re1 Bf5 12. c3 a6 13. Bf1 Re8 14. b4 Ne4 15. Nh4 e6 16. Nxf5 exf5 17. Nb3 Nb8 18. Rc1 Nd7 19. Nc5 Ndxc5 20. dxc5 Qg5 21. Rc2 Red8 22. g3 f4 23. Bg2 fxg3 24. hxg3 h5 25. Qd3 f5 26. Bc1 Qf6 27. Bb2 Qf7 28. Rd1 f4 29. Qf3 Rf8 30. gxf4 Qe6 31. c4 Bxb2 32. cxd5 Qf6 33. Qxe4 Rce8 34. Qc4 Kg7 35. d6 1-0


[Site "Internet"]

[Event "Chessable Masters - Torneo preliminare"]
[White "Huschenbeth, Niclas"]
[Black "Nigmatov, Ortik"]
[WhiteFideId "24604747"]
[BlackFideId "14202131"]
[WhiteElo "2566"]
[BlackElo "2344"]
[Result "0-1"]
[Round "9"]
[TimeControl "600+2"]
[Date "2023.03.13"]
[WhiteClock "0:00:03"]
[BlackClock "0:03:46"]

1. e4 c5 2. Nf3 e6 3. d4 cxd4 4. Nxd4 Nf6 5. Nc3 d6 6. g4 e5 7. Bb5+ Bd7 8. Bxd7+ Qxd7 9. Nf5 h5 10. gxh5 Nxh5 11. Bh6 g6 12. Bxf8 gxf5 13. Bxd6 Nc6 14. Bc5 Qxd1+ 15. Rxd1 b6 16. Rd6 Rc8 17. Ba3 Nd4 18. Kd2 Rxc3 19. bxc3 Nb5 20. Rd5 Nxa3 21. Rxe5+ Kf8 22. Rxf5 Ng7 23. Rd5 Rh4 24. Rd8+ Ke7 25. Ra8 Nc4+ 26. Kd3 Ne5+ 27. Kd4 Ne6+ 28. Ke3 Nc4+ 29. Kd3 Ne5+ 30. Ke3 Rh3+ 31. Kd2 Nc4+ 32. Kc1 a5 33. Rd1 Rxh2 34. Ra7+ Kf6 35. Rdd7 Ke5 36. f3 Ne3 37. Kb1 Rh1+ 38. Kb2 Nc5 39. Re7+ Kf4 40. Rxf7+ Kg3 41. c4 Nxc4+ 42. Kc3 Nd6 43. Rh7 Rd1 44. Rag7+ Kf2 45. e5 Na4+ 46. Kb3 Rb1+ 47. Kxa4 Nc4 48. Rh2+ Ke3 49. c3 b5# 0-1


[Site "Internet"]

[Event "Chessable Masters - Torneo preliminare"]
[White "Larino Nieto, David"]
[Black "Matinian, Nikita"]
[WhiteFideId "2256444"]
[BlackFideId "24129100"]
[WhiteElo "2496"]
[BlackElo "2326"]
[Result "0-1"]
[Round "9"]
[TimeControl "600+2"]
[Date "2023.03.13"]
[WhiteClock "0:00:02"]
[BlackClock "0:06:05"]

1. e4 c5 2. Nc3 Nc6 3. g3 g6 4. Bg2 Bg7 5. d3 Rb8 6. f4 b5 7. Nf3 b4 8. Nd5 e6 9. Ne3 d5 10. O-O Nge7 11. e5 a5 12. a3 Qb6 13. axb4 axb4 14. Kh1 Bb7 15. c3 h5 16. d4 cxd4 17. cxd4 h4 18. gxh4 Kd7 19. b3 Rh5 20. Bb2 Bh6 21. Ng4 Kc7 22. Nf6 Rf5 23. Ng5 Bxg5 24. fxg5 Rh8 25. Qg4 Rxf1+ 26. Rxf1 Nf5 27. Rxf5 gxf5 28. Qf4 Qb5 29. Bf1 Qa5 30. h5 Qa2 31. Qf2 Qxb3 32. g6 fxg6 33. hxg6 Qd1 34. g7 Ra8 35. Kg2 Ne7 36. h4 Ra2 37. h5 Qb3 38. h6 Rxb2 39. Be2 Ba6 40. h7 Rxe2 41. g8=Q Rxf2+ 42. Kxf2 Qb2+ 43. Kg3 Qc3+ 44. Kh2 Qd2+ 45. Kg3 Qe1+ 46. Kh2 Qf2+ 47. Kh1 Be2 48. Ne8+ Kb6 49. Qxe6+ Ka5 50. Qxd5+ Nxd5 0-1


[Site "Internet"]

[Event "Chessable Masters - Torneo preliminare"]
[White "Sourath, Biswas"]
[Black "Matamoros Franco, Carlos S."]
[WhiteFideId "35091484"]
[BlackFideId "3600017"]
[WhiteElo "2138"]
[BlackElo "2407"]
[Result "0-1"]
[Round "9"]
[TimeControl "600+2"]
[Date "2023.03.13"]
[WhiteClock "0:06:00"]
[BlackClock "0:02:58"]

1. d4 Nf6 2. Bf4 d5 3. e3 Bg4 4. Qd3 Nbd7 5. c4 e6 6. Qb3 c5 7. Nc3 Be7 8. h3 Bh5 9. Bd3 cxd4 10. exd4 dxc4 11. Bxc4 O-O 12. Nge2 Nb6 13. Bd3 Nfd5 14. Bd2 Nxc3 15. bxc3 Qd5 16. Qxd5 Nxd5 17. Nf4 Nxf4 18. Bxf4 Rac8 19. Kd2 Rfd8 20. Rhb1 b6 21. a4 g5 22. Be5 Bd6 23. Bxd6 Rxd6 24. Rb5 f6 25. a5 Be8 26. Rb4 Bg6 27. axb6 axb6 28. Ra6 Rcc6 29. Bb5 Rc7 30. Be2 e5 31. Rbxb6 Rxb6 32. Rxb6 exd4 33. cxd4 Kg7 34. Bd3 Ra7 35. Bxg6 Kxg6 36. Kc3 Kf5 37. g4+ Ke4 38. Re6+ Kd5 39. Rxf6 Ra3+ 40. Kd2 Rxh3 41. f3 Kxd4 42. Rd6+ Ke5 43. Ra6 Rxf3 44. Rh6 Kf4 45. Rxh7 Kxg4 46. Ke2 Kg3 47. Rh1 g4 48. Rg1+ Kh3 49. Rh1+ Kg2 50. Rh4 g3 51. Rg4 Rf8 52. Rg7 Re8+ 53. Kd2 Kf2 54. Rf7+ Kg1 55. Rf6 g2 56. Rg6 Rh8 57. Ke2 Kh1 58. Kf2 Rf8+ 59. Ke2 g1=Q 0-1


[Site "Internet"]

[Event "Chessable Masters - Torneo preliminare"]
[White "Pranav, V"]
[Black "Cuenca Jimenez, Jose Fernando"]
[WhiteFideId "25060783"]
[BlackFideId "2255570"]
[WhiteElo "2462"]
[BlackElo "2455"]
[Result "1-0"]
[Round "9"]
[TimeControl "600+2"]
[Date "2023.03.13"]
[WhiteClock "0:03:29"]
[BlackClock "0:00:17"]

1. e4 c5 2. Nf3 Nc6 3. Bb5 e6 4. Bxc6 bxc6 5. d3 Ne7 6. O-O Ng6 7. Ng5 f6 8. Nh3 d5 9. Nc3 Bd6 10. f4 O-O 11. Bd2 Qc7 12. b3 Ba6 13. Qh5 Rae8 14. Rae1 c4 15. bxc4 dxc4 16. d4 Qb6 17. Ne2 c5 18. Be3 cxd4 19. Bxd4 Qc6 20. Nc3 e5 21. fxe5 Bxe5 22. Bxe5 Rxe5 23. Qf3 Bb7 24. Qe3 Qc5 25. Qxc5 Rxc5 26. Rb1 Bc6 27. a4 Re8 28. Nf2 Ne5 29. Rfd1 Kf7 30. Kf1 h5 31. Rd4 h4 32. h3 Rh8 33. Nfd1 Re8 34. Ne3 g6 35. Rb4 Rc8 36. Ke2 Ke6 37. Rb1 Ba8 38. Ned5 Bxd5 39. exd5+ Kd7 40. Ne4 Ra5 41. Rb7+ Rc7 42. Nxf6+ Kc8 43. Rxc7+ Kxc7 44. d6+ Kd8 45. Re4 g5 46. Ke3 c3 47. Kd4 Nc6+ 48. Kxc3 Re5 49. Rxe5 Nxe5 50. Kd4 Ng6 51. c4 Nf4 52. c5 Ne6+ 53. Kc4 a6 54. c6 1-0


[Site "Internet"]